Map: Honorgrounds LE

Players

Railgan - Winner!

  • Race: Zerg Zerg
  • League: Grandmaster
  • Spawn Location: 1:00

Glückskeks

  • Race: Terran Terran
  • League: Master
  • Spawn Location: 11:00

VOD

Have the link to the VOD?

Description

Time

  • Played on: March 12, 2017, 4:57 p.m.
  • Length: 19:41
Show
View Real Time Build Order
Export as new Build Order

Railgan Zerg - Winner!

Build Orders: Hatch First, Lurkers 

Get SALT Encoding   

  12  0:01  Drone  
  13  0:12  Overlord  
  13  0:18  Drone  
  14  0:30  Drone  
  14  0:31  Drone  
  14  0:35  Drone  
  17  0:54  Hatchery  
  17  0:57  Drone  
  17  1:00  Drone  
  18  1:12  Extractor  
  18  1:15  Spawning Pool  
  16  1:19  Drone  
  16  1:22  Drone  
  18  1:29  Drone  
  19  1:40  Overlord  
  19  1:57  Drone  
  20  2:02  Queen  
  20  2:03  Zergling x2  
  20  2:06  Drone, Queen  
  26  2:12  Drone  
  27  2:18  Metabolic Boost  
  27  2:19  Drone  
  28  2:24  Drone  
  29  2:31  Spore Crawler  
  29  2:33  Drone x2  
  30  2:39  Queen  
  33  2:45  Queen  
  33  2:49  Drone  
  36  2:58  Evolution Chamber  
  36  2:59  Drone  
  36  3:07  Overlord  
  36  3:11  Extractor x2, Drone x2  
  37  3:22  Overlord  
  37  3:24  Zerg Ground Armor Level 1  
  37  3:25  Drone  
  37  3:26  Drone x2  
  40  3:27  Drone  
  40  3:29  Drone  
  40  3:33  Drone  
  43  3:34  Drone  
  44  3:42  Drone x2  
  44  3:47  Overlord  
  46  3:50  Lair  
  46  3:54  Extractor x2  
  44  3:56  Drone x2  
  44  3:59  Drone  
  44  4:00  Drone  
  48  4:06  Drone x3  
  48  4:08  Overlord  
  51  4:12  Drone  
  52  4:18  Drone x2  
  52  4:22  Zergling x2  
  52  4:23  Zergling x4  
  57  4:27  Overlord  
  57  4:30  Drone x2  
  59  4:32  Zergling x2  
  59  4:37  Zergling x2  
  61  4:40  Zergling x2  
  62  4:46  Hatchery  
  62  4:47  Queen  
  62  4:51  Hydralisk Den  
  62  4:55  Queen  
  64  5:02  Zergling x8  
  68  5:10  Zergling x4  
  68  5:11  Overseer  
  70  5:14  Zergling x2  
  70  5:15  Zergling x6  
  70  5:21  Zergling x2  
  75  5:22  Muscular Augments  
  75  5:27  Overlord  
  75  5:30  Evolution Chamber  
  74  5:39  Overlord  
  74  5:42  Zerg Ground Armor Level 2  
  74  5:46  Hydralisk x3  
  80  5:55  Overlord  
  80  5:57  Overlord  
  80  5:58  Zerg Missile Weapons Level 1  
  80  6:08  Hydralisk  
  80  6:09  Hydralisk x2  
  85  6:13  Overlord  
  85  6:18  Queen  
  85  6:24  Drone  
  85  6:25  Drone x4  
  92  6:29  Drone x3  
  95  6:35  Spore Crawler  
  95  6:38  Hydralisk  
  95  6:39  Hydralisk  
  98  6:44  Lurker Den  
  97  6:51  Hydralisk  
  97  6:53  Spore Crawler  
  98  6:54  Hydralisk  
  98  6:58  Hydralisk  
  102  7:03  Hydralisk x2  
  104  7:14  Hydralisk x3  
  104  7:15  Hydralisk  
  111  7:20  Hydralisk  
  111  7:21  Overlord  
  113  7:24  Overlord  
  86  7:56  Drone x2  
  86  7:57  Drone x2  
  90  8:02  Drone x2  
  90  8:04  Zerg Missile Weapons Level 2  
  92  8:06  Zerg Melee Weapons Level 1  
  92  8:11  Drone, Lurker x5  
  92  8:12  Drone  
  99  8:13  Drone x2  
  99  8:14  Pneumatized Carapace  
  99  8:15  Zergling x16  
  109  8:26  Drone  
  108  8:28  Extractor  
  108  8:29  Hydralisk x3, Extractor  
  112  8:37  Hatchery  
  111  8:48  Overlord  
  111  8:50  Hydralisk x4  
  111  8:51  Hydralisk x3  
  125  8:56  Drone x3  
  125  8:57  Drone, Overlord  
  129  9:04  Overlord x2  
  129  9:10  Overlord  
  129  9:14  Overlord  
  129  9:18  Hydralisk x2  
  133  9:29  Drone  
  134  9:33  Hydralisk  
  131  9:43  Hydralisk x8  
  147  9:49  Infestation Pit  
  146  9:55  Lurker  
  146  9:56  Lurker, Zergling x8  
  146  9:57  Zergling x8  
  156  10:00  Drone x2  
  158  10:13  Hydralisk  
  158  10:14  Hydralisk x4  
  158  10:16  Extractor  
  158  10:17  Extractor  
  158  10:19  Hydralisk x2  
  170  10:21  Hydralisk  
  170  10:25  Overlord  
  171  10:29  Overlord  
  171  10:34  Overlord  
  171  10:45  Hydralisk  
  171  10:47  Overlord  
  171  10:48  Overlord  
  171  10:49  Zergling x2  
  158  11:05  Hydralisk x11  
  158  11:08  Drone  
  158  11:09  Drone x2  
  178  11:34  Zergling x10  
  178  11:35  Overlord  
  178  11:37  Drone x3  
  178  11:38  Drone  
  178  11:39  Drone x2  
  189  11:42  Hive  
  189  11:44  Spire  
  189  11:47  Zergling x12  
  189  11:49  Overlord  
  181  12:02  Hydralisk  
  181  12:03  Hydralisk x5  
  160  12:10  Hydralisk x2  
  160  12:11  Hydralisk  
  160  12:14  Zergling x4  
  150  12:22  Hydralisk  
  146  12:23  Hydralisk x2  
  146  12:29  Zergling x2  
  141  12:36  Hydralisk x3  
  129  12:37  Hydralisk  
  129  12:40  Drone x4  
  130  12:44  Zergling x2  
  130  12:49  Hydralisk x2  
  134  12:53  Hydralisk x2  
  134  12:55  Zergling x2  
  134  12:56  Zergling x2  
  134  13:08  Hydralisk  
  134  13:09  Hydralisk x3  
  128  13:12  Drone  
  128  13:13  Drone  
  128  13:14  Zergling x2  
  128  13:17  Greater Spire  
  130  13:37  Corruptor x3  
  135  13:42  Lurker  
  135  13:43  Lurker x6  
  135  13:44  Lurker  
  135  13:45  Zerg Ground Armor Level 3  
  143  13:48  Zerg Missile Weapons Level 3  
  143  14:10  Hydralisk  
  143  14:12  Zergling x4  
  143  14:16  Hatchery  
  146  14:18  Zergling x6  
  146  14:22  Corruptor x2  
  146  14:24  Overlord  
  152  14:53  Drone x2, Corruptor x2  
  152  14:55  Brood Lord  
  152  14:56  Brood Lord x4  
  152  14:57  Zergling x8  
  172  15:02  Overlord  
  169  15:07  Hydralisk  
  169  15:10  Drone  
  169  15:11  Hydralisk  
  169  15:12  Zergling x16  
  181  15:19  Hydralisk  
  177  15:22  Drone  
  177  15:23  Zerg Flyer Weapons Level 1  
  177  15:26  Brood Lord x2  
  179  15:29  Zergling x18  
  179  15:32  Zergling x2  
  186  15:39  Extractor  
  186  15:40  Extractor  
  184  15:50  Spore Crawler  
  184  15:53  Corruptor  
  184  15:55  Hatchery, Corruptor x2  
  188  16:11  Hydralisk x2  
  188  16:12  Hydralisk  
  191  16:19  Hydralisk x5  
  183  16:25  Hydralisk  
  183  16:29  Hydralisk x4  
  183  16:30  Hydralisk  
  190  16:35  Hydralisk x5  
  190  16:37  Zergling x2  
  196  16:43  Hydralisk  
  196  16:44  Hydralisk  
  192  17:17  Hydralisk  
  192  17:18  Hydralisk x3, Extractor  
  192  17:19  Hydralisk x2  
  192  17:20  Extractor, Hydralisk  
  176  17:23  Hydralisk  
  176  17:24  Hydralisk x4  
  185  17:30  Hydralisk  
  184  17:50  Hatchery  
  181  17:54  Zergling x2  
  181  17:58  Drone x3  
  185  17:59  Drone x3  
  185  18:00  Drone x3, Hatchery  
  185  18:01  Infestation Pit  
  180  18:12  Drone x3  
  174  18:13  Drone x2  
  176  18:31  Hydralisk x6  
  188  18:45  Hydralisk  
  188  18:46  Hydralisk x2  
  194  18:49  Hydralisk  
  194  18:54  Hydralisk  
  194  19:04  Hydralisk x3  
  194  19:12  Hydralisk  
  194  19:14  Hydralisk  
Show
View Real Time Build Order
Export as new Build Order

Glückskeks Terran 

Build Orders: Reaper Expand, Bio Tank 

Get SALT Encoding   

  12  0:00  SCV  
  13  0:12  SCV  
  14  0:19  Supply Depot  
  14  0:25  SCV  
  15  0:40  SCV  
  16  0:43  Barracks  
  16  0:46  Refinery  
  16  0:52  SCV  
  17  1:04  SCV  
  18  1:16  SCV  
  19  1:29  Orbital Command  
  19  1:30  Reaper  
  20  1:42  Command Center  
  20  1:55  SCV  
  20  1:57  Barracks  
  21  2:04  Barracks Reactor  
  21  2:08  Refinery  
  21  2:10  SCV  
  21  2:15  Supply Depot  
  22  2:22  SCV  
  23  2:32  Factory  
  23  2:36  SCV  
  24  2:41  Marine x2  
  26  2:44  Barracks Tech Lab  
  26  2:48  SCV  
  27  2:55  Orbital Command  
  27  2:59  Marine x2  
  27  3:03  SCV  
  30  3:08  Stimpack  
  30  3:11  Marine  
  31  3:19  Starport  
  31  3:21  SCV  
  31  3:24  SCV  
  31  3:26  Factory Reactor  
  33  3:30  Marine x2  
  33  3:33  SCV  
  36  3:37  Supply Depot  
  36  3:38  Marine  
  37  3:41  SCV  
  37  3:45  SCV  
  39  3:51  Marine x2  
  39  3:53  SCV  
  42  3:56  Marine  
  42  3:58  SCV  
  43  4:06  SCV  
  43  4:07  Medivac  
  43  4:08  Medivac  
  48  4:10  SCV  
  48  4:12  Marine, Supply Depot  
  48  4:13  Marine  
  48  4:14  Marine  
  52  4:18  SCV  
  52  4:22  Supply Depot, SCV  
  54  4:33  Marine  
  54  4:37  Command Center  
  54  4:38  SCV  
  56  4:39  SCV  
  56  4:40  Marine  
  56  4:42  Marine  
  56  4:43  Factory Tech Lab  
  59  4:48  Barracks  
  59  4:51  Medivac  
  59  4:52  Marine  
  62  4:53  SCV  
  62  4:55  SCV  
  64  5:01  Marine x2  
  64  5:06  Siege Tank  
  69  5:07  SCV  
  69  5:08  Combat Shields  
  69  5:13  Supply Depot  
  70  5:16  Supply Depot  
  70  5:22  Supply Depot  
  70  5:35  Marine x3, SCV x2  
  75  5:40  Engineering Bay  
  75  5:41  Engineering Bay  
  75  5:42  Marine x2  
  76  5:43  Siege Tank  
  76  5:48  SCV x2  
  82  5:51  Supply Depot  
  82  5:53  Marine  
  82  5:55  Marine x2  
  85  5:58  Starport Reactor  
  85  6:00  Orbital Command  
  85  6:08  Marine x2  
  85  6:09  SCV  
  88  6:12  Terran Infantry Armor Level 1, Terran Infantry Weapons Level 1  
  88  6:15  Refinery  
  88  6:16  Marine x2  
  90  6:18  Marine  
  91  6:26  Marine  
  91  6:28  Marine  
  93  6:33  Marine  
  93  6:37  Orbital Command  
  94  6:41  Barracks  
  94  6:42  Marine x2, Barracks  
  94  6:46  Marine  
  97  6:47  Missile Turret, Siege Tank  
  97  6:48  Missile Turret  
  97  6:53  Marine x2  
  102  6:54  Armory  
  102  6:59  Liberator  
  102  7:10  Marine x3  
  102  7:15  Marine x2  
  103  7:20  SCV x3  
  111  7:28  Marine x3  
  111  7:29  Refinery  
  114  7:32  SCV x3  
  114  7:36  Marine  
  104  7:41  Marine  
  91  7:44  SCV  
  91  7:46  Marine  
  91  7:49  Barracks Tech Lab x2  
  91  7:50  SCV x2  
  85  7:54  Terran Vehicle Weapons Level 1  
  85  7:56  SCV  
  85  7:57  Concussive Shells  
  85  7:58  Marine x2  
  86  8:01  Factory, Marauder  
  86  8:03  Siege Tank, SCV x2  
  95  8:07  Marine  
  95  8:08  Marauder, SCV  
  95  8:11  Marine x2  
  101  8:15  SCV  
  101  8:16  Marine, Refinery x2, SCV  
  104  8:23  Marine  
  104  8:24  Marauder  
  104  8:27  Marine  
  104  8:29  Marauder  
  104  8:30  Marine, Marauder  
  104  8:32  Medivac  
  104  8:34  Marine  
  112  8:35  SCV  
  114  8:43  Marine  
  114  8:44  Marine  
  116  8:49  Supply Depot x2  
  116  8:50  Supply Depot  
  116  8:53  Supply Depot  
  116  8:55  Supply Depot  
  116  8:57  Missile Turret  
  116  9:00  Sensor Tower  
  116  9:04  Marine  
  116  9:05  Factory Tech Lab  
  116  9:07  Terran Infantry Armor Level 2  
  117  9:10  Siege Tank, Marauder x2  
  117  9:11  Marauder  
  126  9:18  Terran Infantry Weapons Level 2  
  126  9:20  Marine  
  127  9:25  Marine x2, Command Center  
  122  9:40  Marine x4, Marauder  
  122  9:41  Siege Tank  
  122  9:43  Marine  
  119  9:49  Terran Vehicle Weapons Level 2  
  119  9:50  Siege Tank  
  122  9:59  Marauder  
  124  10:00  Missile Turret, Medivac x2  
  124  10:02  SCV  
  124  10:03  Missile Turret  
  124  10:05  Marine x2  
  124  10:06  Marine, Marauder  
  134  10:07  Marine  
  134  10:11  Marine  
  136  10:17  Barracks  
  136  10:20  Marauder  
  138  10:22  Siege Tank  
  138  10:23  Marine x2  
  138  10:24  Siege Tank  
  138  10:27  Marauder  
  148  10:32  Medivac  
  148  10:33  Medivac, Marine  
  148  10:34  Marine  
  154  10:45  Refinery  
  154  10:46  Refinery  
  154  10:51  Marine  
  140  11:02  Siege Tank x2  
  146  11:07  Marine, Marauder  
  143  11:28  Barracks Tech Lab  
  143  11:29  Marine x3  
  143  11:30  Marine, Marauder x2  
  143  11:31  Command Center  
  151  11:33  Fusion Core, Barracks  
  151  11:34  Siege Tank x2, Refinery  
  151  11:38  Starport  
  151  11:39  Refinery  
  157  11:41  Terran Infantry Weapons Level 3  
  157  11:53  Marine  
  157  11:54  Marine x2, Marauder x2  
  163  11:55  SCV  
  154  12:04  Marine, Marauder  
  154  12:06  Marine  
  143  12:10  Medivac  
  143  12:11  Marine x3  
  143  12:15  Marine, Marauder  
  130  12:22  Marine  
  103  12:24  Marine  
  103  12:25  Marine  
  103  12:26  Marauder  
  103  12:29  Marine x3  
  100  12:33  Marine, SCV x3  
  100  12:36  Marine  
  94  12:39  Marine  
  94  12:42  Marine  
  94  12:43  Marine  
  86  12:45  SCV x3  
  88  12:54  Planetary Fortress  
  88  12:58  Marine x4  
  89  13:11  SCV x3  
  80  13:16  Marine x4  
  84  13:23  SCV x3  
  84  13:24  Siege Tank  
  88  13:29  Siege Tank  
  88  13:31  SCV  
  88  13:32  Marine  
  93  13:34  Marine  
  93  13:37  Marine  
  95  13:42  Marine, Marauder  
  95  13:45  Marine x2  
  95  13:47  SCV  
  101  13:49  SCV  
  101  13:52  SCV  
  101  13:54  SCV  
  104  14:04  Marine x4  
  104  14:05  Marine x2, Marauder  
  104  14:07  Starport Tech Lab  
  112  14:14  Terran Infantry Armor Level 3  
  112  14:15  SCV  
  113  14:18  Marine, Marauder  
  113  14:19  SCV  
  113  14:20  SCV  
  118  14:25  Siege Tank  
  121  14:32  SCV  
  121  14:33  Marine  
  121  14:34  Marauder  
  121  14:35  SCV  
  121  14:38  Marine, Marauder  
  129  14:42  Marine, Marauder  
  132  14:47  Marine  
  132  14:49  SCV  
  134  14:53  Marine  
  134  14:56  Marauder  
  134  14:59  Siege Tank, Marine  
  143  15:00  Marauder  
  143  15:04  Marauder  
  136  15:09  Marine  
  136  15:12  Marine  
  138  15:17  Marauder  
  139  15:21  Marauder  
  139  15:23  SCV  
  139  15:25  Marine  
  139  15:26  Marine x3, Marauder  
  139  15:27  Marine  
  145  15:29  Marine  
  145  15:31  Missile Turret  
  145  15:33  Missile Turret  
  146  15:38  Marauder  
  150  15:43  Marine x2, Marauder  
  150  15:44  Marine, Orbital Command  
  150  15:47  Marine x3  
  156  16:05  Marine  
  156  16:22  Marine  
  156  16:23  Marauder  
  156  16:26  Marine x2  
  156  16:30  Marine x2  
  156  16:31  Marine  
  156  16:32  Marauder  
  156  16:36  Marauder  
  156  16:43  Marine, Medivac  
  156  16:46  Marine  
  156  16:52  Orbital Command  
  156  16:53  Supply Depot x4  
  143  17:07  Orbital Command  
  143  17:14  Marine x5, Medivac  
  143  17:15  Marauder x3  
  139  17:32  Marine x5  
  139  17:35  Marine x2  
  139  17:36  Orbital Command  
  134  17:44  Marine  
  108  17:50  Medivac x3  
  110  17:54  Marauder  
  110  17:56  Marine x4, Marauder  
  118  18:02  Marauder  
  109  18:13  Marine  
  109  18:14  Marine x3  
  109  18:15  Marauder  
  108  18:20  Medivac x2  
  108  18:23  Marine, Marauder  
  111  18:41  Supply Depot x3  
  109  18:42  Supply Depot  
  109  18:43  Supply Depot x2  
  109  18:44  Supply Depot  
  106  19:03  Marine  
Tags
 
Add a new tag
Caveats
  • Supply blocks, unpowered buildings, or Contaminate may cause inaccurate times.
  • Supply counts are checked every 10 seconds.